 Dungeon Crawl Stone Soup version 0.20.1-1-g8b1a95d (webtiles) character file.

28094 Inarius the Black Sun (level 13, -2/91 HPs)
             Began as a Demonspawn Necromancer on July 5, 2017.
             Was a High Priest of Kikubaaqudgha.
             Killed by divine providence
             ... invoked by a meliai
              (10 damage)
             ... on level 4 of the Lair of Beasts on July 6, 2017.
             The game lasted 01:27:06 (15248 turns).

Inarius the Black Sun (Demonspawn Necromancer)     Turns: 15248, Time: 01:27:06

Health: -2/91      AC: 13    Str:  4    XL:     13   Next: 7%
Magic:  20/32      EV:  7    Int: 30    God:    Kikubaaqudgha [*****.]
Gold:   796        SH:  9    Dex: 23    Spells: 4/30 levels left

rFire    . . .     SeeInvis .   Q - +12 scimitar of Annihilation {drain, Str-2 Int+3 Dex+6}
rCold    . . .     Gourm    .   G - +0 shield
rNeg     . . .     Faith    .   p - +2 ring mail "Heurerooto" {Int+6}
rPois    +         Spirit   .   a - +0 helmet
rElec    .         Reflect  .   K - +1 cloak {rPois}
rCorr    .         Harm     .   S - +0 pair of gloves
MR       .....                  (no boots)
Stlth    +++.......             (no amulet)
Regen    0.3/turn               f - +3 ring of protection
MPRegen  0.3/turn               j - ring of magical power

@: no status effects
A: hooves 1, agile 1, deformed body, low mp 1, nightstalker 1, spiny 2, weak 1,
MP-powered wands
a: Receive Corpses, Torment, Renounce Religion


You were on level 4 of the Lair of Beasts.
You worshipped Kikubaaqudgha.
Kikubaaqudgha was extremely pleased with you.
You were not hungry.

You visited 3 branches of the dungeon, and saw 16 of its levels.
You also visited: Sewer.

You collected 859 gold pieces.
You spent 63 gold pieces at shops.

Inventory:

Hand Weapons
 Q - the +12 scimitar of Annihilation (weapon) {drain, Str-2 Int+3 Dex+6}
   (You found it on level 11 of the Dungeon)

   A truly terrible weapon, it drains the life of those it strikes.
   It affects your strength (-2).
   It affects your intelligence (+3).
   It affects your dexterity (+6).
Armour
 a - a +0 helmet (worn)
 o - the +5 chain mail of Hinaishu {rPois Str+3 Slay-6, unknown}
   (You found it on level 4 of the Lair of Beasts)

   It affects your strength (+3).
   It affects your accuracy and damage with ranged weapons and melee attacks
   (-6).
   It protects you from poison.
 p - the +2 ring mail "Heurerooto" (worn) {Int+6}
   (You found it on level 5 of the Dungeon)

   It affects your intelligence (+6).
 w - a +0 large shield
 G - a +0 shield (worn)
 H - a scarf of resistance
 K - a +1 cloak of poison resistance (worn)
 N - a +3 troll leather armour {Snorg}
 S - a +0 pair of gloves (worn)
Jewellery
 f - a +3 ring of protection (left hand)
 j - a ring of magical power (right hand)
 C - an uncursed ring of flight
 E - an uncursed ring of magical power
 I - an uncursed ring of stealth
 R - an uncursed ring of positive energy
Wands
 g - a wand of lightning (8/15)
 n - a wand of disintegration (23/24)
 x - a wand of acid (9/15)
 y - a wand of paralysis (4/24)
 D - a wand of confusion (25/48)
 O - a wand of iceblast (11/15)
 V - a wand of polymorph (6/24)
 X - a wand of digging (14/24)
Scrolls
 d - 5 scrolls of teleportation
 l - 6 scrolls of remove curse
 q - 2 scrolls of recharging
 t - 2 scrolls of enchant armour
 A - 2 scrolls of immolation
 L - 3 scrolls of blinking
 M - 2 scrolls of fear
 T - 3 scrolls of amnesia
 U - a scroll of enchant weapon
 W - a scroll of fog
 Y - a scroll of torment
Potions
 e - 2 potions of heal wounds
 k - 6 potions of agility
 m - 5 potions of curing
 u - 5 potions of flight
 v - 5 potions of brilliance
 Z - a potion of magic
Books
 b - a book of Necromancy

   Spells                             Type                      Level
   a - Pain                           Necromancy                   1
   b - Animate Skeleton               Necromancy                   1
   c - Vampiric Draining              Necromancy                   3
   d - Regeneration                   Charms/Necromancy            3
   e - Animate Dead                   Necromancy                   4
   f - Control Undead                 Necromancy                   4
 r - Kikubaaqudgha's Disquisition on Dark Secrets
   (Kikubaaqudgha gifted it to you on level 10 of the Dungeon)

   Spells                             Type                      Level
   a - Animate Dead                   Necromancy                   4
   b - Agony                          Necromancy                   5
   c - Dispel Undead                  Necromancy                   5
   d - Simulacrum                     Ice/Necromancy               6
   e - Death Channel                  Necromancy                   6
 z - Kikubaaqudgha's Compendium of Evil Rituals
   (Kikubaaqudgha gifted it to you on level 7 of the Dungeon)

   Spells                             Type                      Level
   a - Animate Skeleton               Necromancy                   1
   b - Corpse Rot                     Necromancy                   2
   c - Sublimation of Blood           Necromancy                   2
   d - Vampiric Draining              Necromancy                   3
   e - Control Undead                 Necromancy                   4
 F - a book of Air

   Spells                             Type                      Level
   a - Shock                          Conjuration/Air              1
   b - Swiftness                      Charms/Air                   2
   c - Static Discharge               Conjuration/Air              3
   d - Airstrike                      Air                          4
   e - Lightning Bolt                 Conjuration/Air              5
 J - a book of Power

   Spells                             Type                      Level
   a - Iskenderun's Battlesphere      Conjuration/Charms           5
   b - Venom Bolt                     Conjuration/Poison           5
   c - Bolt of Magma                  Conjuration/Fire/Earth       5
   d - Iron Shot                      Conjuration/Earth            6
   e - Orb of Destruction             Conjuration                  7
   f - Spellforged Servitor           Conjuration/Summoning        7
 P - a book of Maledictions

   Spells                             Type                      Level
   a - Corona                         Hexes                        1
   b - Ensorcelled Hibernation        Hexes/Ice                    2
   c - Confuse                        Hexes                        3
   d - Tukima's Dance                 Hexes                        3
   e - Dazzling Spray                 Conjuration/Hexes            3
Comestibles
 c - 6 bread rations
 h - 8 fruits
 i - 21 royal jellies
 s - 5 meat rations


   Skills:
 * Level 5.2 Fighting
   Level 1.0(1.9) Short Blades
 + Level 2.5(2.6) Long Blades
 + Level 6.1 Armour
 - Level 2.3 Dodging
 - Level 1.7 Stealth
 - Level 4.5 Shields
 + Level 9.4 Spellcasting
 * Level 3.4 Charms
 * Level 16.5 Necromancy
 + Level 5.0 Evocations


You had 4 spell levels left.
You knew the following spells:

 Your Spells              Type           Power        Failure   Level  Hunger
a - Pain                  Necr           ####         1%          1    None
b - Animate Skeleton      Necr           N/A          1%          1    None
c - Vampiric Draining     Necr           #######...   1%          3    None
d - Regeneration          Chrm/Necr      ######....   3%          3    None
e - Control Undead        Necr           #######...   1%          4    None
f - Animate Dead          Necr           N/A          1%          4    None
g - Dispel Undead         Necr           #######.     1%          5    ###....
h - Agony                 Necr           #######.     1%          5    ###....


Dungeon Overview and Level Annotations

Branches:
Dungeon (11/15)            Temple (1/1) D:6            Lair (4/6) D:11
 Shoals (0/4) Lair:4        Snake (0/4) Lair:2
    Orc: D:9-12

Altars:
Ashenzari
Cheibriados
Dithmenos
Gozag
Hepliaklqana
Kikubaaqudgha
Makhleb
Nemelex Xobeh
Qazlal
Sif Muna
Trog
Yredelemnul
The Shining One

Shops:
D:8 [

Annotations:
D:8 miragecloak's ghost, novice HOAK
D:9 fili's ghost, journeyman MiBe


Innate Abilities, Weirdness & Mutations

You have large cloven feet.
You are slightly more attuned to the shadows.
You are mostly covered in sharp spines.
You are agile. (Dex +2)
Armour fits poorly on your strangely shaped body.
Your magical capacity is low. (-10% MP)
You are weak. (Str -2)
You expend magic power (3 MP) to strengthen your wands.


Message History

The lindwurm breathes flames at you. The blast of flame hits you!
The killer bee stings you but does no damage.
The meliai calls upon its god to heal the killer bee.
The killer bee is healed somewhat.
The killer bee stings you but does no damage.
The meliai calls down the wrath of its god upon you.
Something smites you!
* * * LOW HITPOINT WARNING * * *
There is a stone staircase leading up, spattered with blood here.
The killer bee is struck by your spines.
The killer bee stings you but does no damage.
The meliai invokes the aid of its god against you.
Something smites you!
* * * LOW HITPOINT WARNING * * *
You block the killer bee's attack.
The meliai invokes the aid of its god against you.
Something smites you!
You die...
Kikubaaqudgha rasps: "You have failed me!
Welcome... death!"

.
#.##.##)##.#.#.....##
..# #.#..#..#.#.....
...###.##.##.#.....
..................
.........y........
............k.....
..................
.........y.......(
.........@........
..................
##.#.#.######P##..
####### ##


You could see a lindwurm, a meliai and a killer bee.

Vanquished Creatures
  Fannar (Lair:2)
  3 hydras
  3 two-headed ogres
  An unseen horror (D:11)
  4 ugly things (D:11)
  5 elephants
  2 black mambas
  A spiny frog (Lair:3)
  The ghost of tidbits the Ruffian, a novice DrTm (D:6)
  2 komodo dragons
  2 meliai (Lair:4)
  A troll (D:10)
  Prince Ribbit (D:7)
  2 blink frogs (Lair:4)
  7 hippogriffs
  A shadow (D:10)
  14 yaks
  3 hogs (D:10)
  3 humans
  2 wyverns
  2 hungry ghosts
  4 basilisks
  An acid dragon (D:11)
  2 hell hounds (D:11)
  4 water moccasins
  A black bear (D:6)
  6 porcupines
  3 orc warriors
  A phantom (D:4)
  2 sky beasts
  3 wolves (Lair:1)
  4 ogres
  8 centaurs
  2 crocodiles
  4 big kobolds
  4 bullfrogs
  2 scorpions
  A wight (D:6)
  24 killer bees
  An electric eel (Lair:1)
  A howler monkey (D:4)
  5 crimson imps
  2 bullfrog zombies
  A centaur zombie (D:10)
  3 hounds
  A jelly (D:5)
  2 quasits (D:7)
  2 centaur skeletons
  5 orc priests
  4 iguanas
  6 orc wizards
  A killer bee zombie (D:9)
  9 worker ants
  A hound skeleton (D:4)
  10 adders
  6 river rats
  4 shadow imps
  An ooze (D:3)
  2 worms
  4 adder skeletons
  7 leopard geckos
  25 orcs
  9 ball pythons
  17 giant cockroaches
  4 goblins (D:1)
  5 hobgoblins
  7 jackals
  31 kobolds
  7 quokkas
  4 bats
  A frilled lizard (D:1)
  A giant cockroach zombie (D:6)
  20 rats
346 creatures vanquished.

Vanquished Creatures (collateral kills)
  Snorg (D:11)
  3 hydras (Lair:1)
  2 two-headed ogres
  An ugly thing (D:11)
  An elephant (Lair:3)
  Maurice (D:8)
  A centaur skeleton (D:11)
  2 komodo dragons (Lair:1)
  A blink frog (Lair:4)
  A hippogriff (Lair:4)
  A human (D:6)
  2 basilisks
  The ghost of Inarius the Tormented, an amateur DsNe of Kikubaaqudgha (D:4)
  2 water moccasins
  A phantom (D:5)
  A centaur (D:11)
  A crocodile (Lair:2)
  A bullfrog (D:6)
  A jelly (D:11)
  2 scorpions
  3 killer bees (Lair:4)
  4 wights (D:6)
  3 orc priests
  2 orc wizards
  4 iguanas (Lair:1)
  2 river rats (Sewer)
  A dart slug (D:2)
  4 orcs
  2 giant cockroaches
  2 jackals (D:2)
  4 kobolds
  A quokka zombie (D:5)
  10 rats
69 creatures vanquished.

Vanquished Creatures (others)
  2 fungi
2 creatures vanquished.

Grand Total: 417 creatures vanquished

Notes
Turn   | Place    | Note
-------+----------+-------------------------------------------
     0 | D:1      | Inarius the Demonspawn Necromancer began the quest for the Orb.
     0 | D:1      | Reached XP level 1. HP: 13/13 MP: 3/3
    14 | D:1      | Learned a level 1 spell: Animate Skeleton
   303 | D:1      | Gained mutation: You are partially covered in sharp spines. [demonic ancestry]
   303 | D:1      | Reached XP level 2. HP: 18/20 MP: 1/5
   739 | D:1      | Reached skill level 5 in Necromancy
  1123 | D:2      | Reached XP level 3. HP: 24/25 MP: 4/6
  1222 | D:2      | Reached skill level 1 in Fighting
  1394 | D:2      | Reached skill level 1 in Armour
  1981 | D:3      | Reached XP level 4. HP: 32/32 MP: 7/7
  2001 | D:3      | Noticed a centaur
  2210 | D:3      | Learned a level 3 spell: Vampiric Draining
  2214 | D:3      | Learned a level 3 spell: Regeneration
  2447 | D:3      | Killed a centaur
  2447 | D:3      | Gained mutation: You are mostly covered in sharp spines. [demonic ancestry]
  2447 | D:3      | Reached XP level 5. HP: 15/37 MP: 8/9
  2546 | D:3      | Found a shattered altar of Ashenzari.
  2848 | D:4      | Noticed Inarius's ghost (amateur DsNe)
  2995 | D:4      | Reached skill level 6 in Necromancy
  3089 | D:4      | Noticed a centaur
  3100 | D:4      | Killed a centaur
  3100 | D:4      | Reached XP level 6. HP: 30/43 MP: 11/11
  3107 | D:4      | Learned a level 4 spell: Control Undead
  3331 | D:4      | Killed Inarius's ghost
  3353 | D:5      | Entered Level 5 of the Dungeon
  3386 | D:4      | Gained mutation: You are slightly more attuned to the shadows. [demonic ancestry]
  3386 | D:4      | Reached XP level 7. HP: 33/49 MP: 12/12
  3460 | D:5      | Reached skill level 7 in Necromancy
  3607 | D:5      | Found a glowing drain.
  3611 | Sewer    | Entered a sewer
  4434 | D:5      | Got a crude ring mail
  4445 | D:5      | Identified the +2 ring mail "Heurerooto" {Int+6} (You found it on level 5 of the Dungeon)
  4564 | D:5      | Reached skill level 8 in Necromancy
  4773 | D:5      | Reached XP level 8. HP: 54/56 MP: 15/15
  4813 | D:5      | Reached skill level 5 in Spellcasting
  4813 | D:5      | Reached skill level 1 in Evocations
  4820 | D:5      | Learned a level 4 spell: Animate Dead
  4994 | D:5      | Reached skill level 1 in Charms
  5316 | D:6      | Reached skill level 9 in Necromancy
  5323 | D:6      | Got a translucent copper ring
  5325 | D:6      | Identified the cursed ring "Teot" {rN+ EV-2} (You found it on level 6 of the Dungeon)
  5335 | D:6      | Found a staircase to the Ecumenical Temple.
  5335 | D:6      | Noticed a two-headed ogre
  5348 | D:6      | Killed a two-headed ogre
  5348 | D:6      | Reached XP level 9. HP: 49/62 MP: 13/18
  5365 | Temple   | Entered the Ecumenical Temple
  5483 | Temple   | Became a worshipper of Kikubaaqudgha
  5529 | D:6      | Noticed tidbits's ghost (novice DrTm)
  5552 | D:6      | Killed tidbits's ghost
  5552 | D:6      | Reached skill level 10 in Necromancy
  5808 | D:6      | Gained mutation: You expend magic power (3 MP) to strengthen your wands. [mutagenic meat]
  5809 | D:6      | Gained mutation: Armour fits poorly on your strangely shaped body. [mutagenic meat]
  5810 | D:6      | Gained mutation: Your magical capacity is low. (-10% MP) [mutagenic meat]
  5812 | D:6      | Gained mutation: You are agile. (Dex +2) [mutagenic meat]
  6072 | D:7      | Reached * piety under Kikubaaqudgha
  6072 | D:7      | Identified Kikubaaqudgha's Compendium of Evil Rituals (Kikubaaqudgha gifted it to you on level 7 of the Dungeon)
  6072 | D:7      | Received a gift from Kikubaaqudgha
  6161 | D:7      | Noticed Prince Ribbit
  6191 | D:7      | Killed Prince Ribbit
  6276 | D:7      | Reached skill level 11 in Necromancy
  6909 | D:8      | Noticed Maurice
  6921 | D:8      | Found a burning altar of Makhleb.
  6945 | D:8      | Gained mutation: You have large cloven feet. [demonic ancestry]
  6945 | D:8      | Reached XP level 10. HP: 68/68 MP: 19/19
  7170 | D:8      | Reached skill level 1 in Short Blades
  7318 | D:8      | Noticed a two-headed ogre
  7332 | D:8      | Killed a two-headed ogre
  7332 | D:8      | Reached skill level 1 in Shields
  7389 | D:8      | Killed Maurice
  7439 | D:8      | Reached ** piety under Kikubaaqudgha
  7523 | D:8      | Found Owoev's Armour Emporium.
  7684 | D:8      | Noticed miragecloak's ghost (novice HOAK)
  7935 | D:9      | Noticed fili's ghost (journeyman MiBe)
  8363 | D:9      | Noticed a two-headed ogre
  8378 | D:9      | Killed a two-headed ogre
  8378 | D:9      | Reached skill level 12 in Necromancy
  8384 | D:9      | Noticed a two-headed ogre
  8392 | D:9      | Killed a two-headed ogre
  9044 | D:10     | Entered Level 10 of the Dungeon
  9211 | D:10     | Reached *** piety under Kikubaaqudgha
  9211 | D:10     | Identified Kikubaaqudgha's Disquisition on Dark Secrets (Kikubaaqudgha gifted it to you on level 10 of the Dungeon)
  9211 | D:10     | Received a gift from Kikubaaqudgha
  9211 | D:10     | Reached skill level 13 in Necromancy
  9216 | D:10     | Reached XP level 11. HP: 55/75 MP: 10/20
  9231 | D:10     | Learned a level 5 spell: Dispel Undead
  9237 | D:10     | Learned a level 5 spell: Agony
 10295 | D:10     | Reached skill level 5 in Armour
 10438 | D:11     | Found a staircase to the Lair.
 10472 | D:11     | Noticed Snorg
 10485 | D:11     | Killed Snorg
 10518 | D:11     | Noticed a purple ugly thing
 10535 | D:11     | Killed a purple ugly thing
 10535 | D:11     | Reached skill level 14 in Necromancy
 10643 | D:11     | Noticed a green ugly thing
 10645 | D:11     | Noticed a cyan ugly thing
 10662 | D:11     | Killed a green ugly thing
 10672 | D:11     | Killed a green ugly thing
 10759 | D:11     | Noticed a two-headed ogre
 10767 | D:11     | Killed a two-headed ogre
 10837 | D:11     | Noticed a brown ugly thing
 10847 | D:11     | Killed a brown ugly thing
 10931 | D:11     | Reached **** piety under Kikubaaqudgha
 11234 | D:11     | Killed an unseen horror
 11234 | D:11     | Reached skill level 15 in Necromancy
 11287 | D:11     | Got a transparent scimitar
 11288 | D:11     | Identified the +12 scimitar of Annihilation {drain, Str-2 Int+3 Dex+6} (You found it on level 11 of the Dungeon)
 11522 | D:11     | Noticed a white ugly thing
 11539 | D:11     | HP: 2/76 [white ugly thing (27)]
 11542 | D:11     | Killed a white ugly thing
 11547 | D:11     | Gained mutation: You are weak. (Str -2) [mutagenic meat]
 11697 | Lair:1   | Entered Level 1 of the Lair of Beasts
 11816 | Lair:1   | Reached XP level 12. HP: 80/83 MP: 21/21
 11823 | Lair:1   | Noticed a five-headed hydra
 11830 | Lair:1   | Killed a six-headed hydra
 11850 | Lair:1   | Noticed an eight-headed hydra
 11853 | Lair:1   | Killed an eight-headed hydra
 11960 | Lair:1   | Noticed a six-headed hydra
 11965 | Lair:1   | Noticed a four-headed hydra
 11966 | Lair:1   | Killed a seven-headed hydra
 11970 | Lair:1   | Killed a four-headed hydra
 11970 | Lair:1   | Reached skill level 1 in Long Blades
 12639 | Lair:2   | Noticed Fannar
 12654 | Lair:2   | Killed Fannar
 12726 | Lair:2   | Found a staircase to the Snake Pit.
 12737 | Lair:2   | Reached skill level 5 in Evocations
 12842 | Lair:2   | Noticed a five-headed hydra
 12849 | Lair:2   | Killed a five-headed hydra
 13600 | Lair:3   | Reached skill level 16 in Necromancy
 14469 | D:8      | Bought a +0 shield for 63 gold pieces
 14601 | Lair:4   | Found a staircase to the Shoals.
 14636 | Lair:4   | Reached skill level 5 in Fighting
 14837 | Lair:4   | Noticed a six-headed hydra
 14845 | Lair:4   | Killed a six-headed hydra
 14863 | Lair:4   | Got a black opal-encrusted chain mail
 15132 | Lair:4   | Reached ***** piety under Kikubaaqudgha
 15143 | Lair:4   | Reached XP level 13. HP: 70/91 MP: 23/23
 15248 | Lair:4   | Killed from afar by a meliai

Skill      XL: |  1  2  3  4  5  6  7  8  9 10 11 12 |
---------------+-------------------------------------+-----
Necromancy     | 5 6 8 9 11 13 15 16 | 16.5
Fighting       | 1 2 3 5 |  5.2
Armour         | 1 2 3 4 5 6 |  6.1
Dodging        | 2 |  2.3
Spellcasting   | 3 4 6 7 8 9 |  9.4
Evocations     | 2 4 5 |  5.0
Charms         | 1 3 |  3.4
Short Blades   | 1 |  1.0
Shields        | 3 4 |  4.5
Long Blades    | 2 |  2.5
Stealth        | |  1.7

Action                   |  1- 3 |  4- 6 |  7- 9 | 10-12 | 13-15 || total
-------------------------+-------+-------+-------+-------+-------++-------
Melee: Dagger            |    25 |       |       |       |       ||    25
       Whip              |    52 |    62 |   166 |       |       ||   280
       Rapier            |       |       |    48 |   192 |       ||   240
       Kick              |       |       |       |    85 |     2 ||    87
       Scimitar          |       |       |       |   115 |    17 ||   132
 Cast: Pain              |    50 |    13 |    85 |    73 |       ||   221
       Animate Skeleton  |    22 |     8 |    40 |    19 |       ||    89
       Regeneration      |       |     3 |     6 |    23 |     2 ||    34
       Vampiric Draining |       |     1 |    32 |   112 |     5 ||   150
       Animate Dead      |       |       |     9 |    49 |     1 ||    59
       Control Undead    |       |       |     6 |    11 |       ||    17
       Agony             |       |       |       |    10 |       ||    10
       Dispel Undead     |       |       |       |     1 |       ||     1
Invok: Receive Corpses   |       |       |       |     1 |       ||     1
Evoke: Wand              |       |       |       |       |     2 ||     2
  Use: Scroll            |     3 |     1 |     7 |    15 |     1 ||    27
       Potion            |       |     2 |     4 |     5 |       ||    11
 Stab: Distracted        |     1 |     1 |     2 |     3 |       ||     7
       Sleeping          |       |       |     6 |     6 |       ||    12
  Eat: Chunk             |     4 |     5 |    13 |    16 |       ||    38
       Bread ration      |       |       |     2 |     4 |     1 ||     7
Armor: Leather armour    |    17 |       |       |       |       ||    17
       Ring mail         |    28 |    17 |   123 |   222 |    30 ||   420
Dodge: Dodged            |    49 |    42 |   130 |   206 |    20 ||   447
Block: Shield            |       |       |       |    44 |    26 ||    70
       Rpst.: Scimitar   |       |       |       |    27 |     1 ||    28
